 Dungeon Crawl Stone Soup version 0.30-a0-959-g3818848631 (webtiles) character file.

Game seed: 9541366600387758172

14326 CryoSword the Zephyrmancer (level 12, -3/68 HPs)
             Began as a Tengu Air Elementalist on Mar 29, 2023.
             Was a Follower of Sif Muna.
             Slain by a sixfirhy (9 damage)
             ... in a Gauntlet.
             The game lasted 00:30:52 (17694 turns).

CryoSword the Zephyrmancer (TeAE)                  Turns: 17694, Time: 00:30:53

Health: -3/68      AC:  7    Str:  8    XL:     12   Next: 15%
Magic:  20/20      EV: 22    Int: 19    God:    Sif Muna [*.....]
Gold:   344        SH: 14    Dex: 20    Spells: 5/21 levels left

rFire   + . .      SeeInvis .    w - +3 war axe of the Forgotten Emperors {spect, rN+}
rCold   + . .      Faith    .    O - +2 buckler
rNeg    + . .      Spirit   .    Q - +0 troll leather armour
rPois   .          Reflect  +    (helmet restricted)
rElec   .          Rampage  .    F - scarf {rC+ rF+}
rCorr   .          NoTele   +    H - +2 pair of gloves {Dex+3}
Will    .....                    (boots unavailable)
Stlth   +++                      i - amulet of reflection
HPRegen 1.11/turn                N - +5 ring of evasion {=R}
MPRegen 0.17/turn                o - ring of wizardry

@: attractive, flying quickly and evasively, quick
A: beak, talons 3, nimble flight
a: Renounce Religion, Channel Magic


You were in a Gauntlet.
You worshipped Sif Muna.
Sif Muna was aware of your devotion.
You visited 2 branches of the dungeon, and saw 13 of its levels.
You also visited: Gauntlet.

You collected 784 gold pieces.
You spent 440 gold pieces at shops.

Inventory:

Hand Weapons
 w - the +3 war axe of the Forgotten Emperors (weapon) {spect, rN+}
   (You took it off a kobold demonologist on level 7 of the Dungeon)

   rN:        It protects you from negative energy.
Missiles
 d - 3 curare-tipped darts
 l - 15 poisoned darts
 z - 2 silver boomerangs
 I - 2 throwing nets
Armour
 D - the +1 ring mail of the Game of Kings {rF+}
   (You bought it in a shop on level 7 of the Dungeon)

   rF:        It protects you from fire.
 F - a scarf of resistance (worn)
   (You bought it in a shop on level 7 of the Dungeon)
 H - a +2 pair of gloves of dexterity (worn)
   (You bought it in a shop on level 7 of the Dungeon)
 J - a +2 ring mail of cold resistance
   (You took it off an orc on level 7 of the Dungeon)
 L - +0 acid dragon scales
   (You found it on level 7 of the Dungeon)
 O - a +2 buckler (worn)
   (You took it off a gnoll sergeant on level 8 of the Dungeon)
 Q - a +0 troll leather armour (worn)
   (You found it on level 10 of the Dungeon)
Magical Staves
 a - a staff of air
   (You found it on level 7 of the Dungeon)
Jewellery
 i - an amulet of reflection (around neck)
   (You found it on level 1 of the Dungeon)
 o - a ring of wizardry (right hand)
   (You found it on level 9 of the Dungeon)
 s - a ring of see invisible
   (You found it on level 3 of the Dungeon)
 N - a +5 ring of evasion (left hand) {=R}
   (You found it on level 9 of the Dungeon)
Wands
 C - a wand of charming (13) (quivered)
   (You found it on level 5 of the Dungeon)
 G - a wand of digging (3)
   (You found it on level 6 of the Dungeon)
 T - a wand of iceblast (8)
   (You found it on level 11 of the Dungeon)
Scrolls
 c - 7 scrolls of teleportation {@r4}
 f - a scroll of magic mapping
 k - 2 scrolls of fog
 m - a scroll of immolation {unknown}
 p - 2 scrolls of amnesia {unknown}
 q - 3 scrolls of poison {!r}
 t - 2 scrolls of enchant armour {unknown}
 u - a scroll of brand weapon
 y - a scroll of summoning
 B - 2 scrolls of silence {unknown}
 S - a scroll of enchant weapon {unknown}
Potions
 b - a potion of magic
 e - 4 potions of brilliance
 g - a potion of mutation {unknown}
 h - 9 potions of curing {@q1}
 j - 3 potions of might
 n - a potion of flight {unknown}
 r - a potion of haste {unknown}
 x - a potion of berserk rage {unknown}
 K - 2 potions of lignification {unknown}
Miscellaneous
 v - a lightning rod (4/4) {!a}
   (You found it in a Gauntlet)
 M - a phantom mirror
   (You found it on level 7 of the Dungeon)
 U - a box of beasts
   (You found it on level 11 of the Dungeon)


   Skills:
 + Level 5.6 Fighting
 - Level 3.5 Long Blades
 * Level 6.2 Axes
 - Level 6.0 Dodging
 - Level 6.0 Stealth
 * Level 8.0 Shields
 - Level 5.0 Spellcasting
 + Level 9.4 Conjurations
 * Level 13.4 Air Magic
 * Level 1.9 Invocations


You had 5 spell levels left.
You knew the following spells:

 Your Spells              Type           Power      Damage    Failure   Level
a - Shock                 Conj/Air       100%       1d9       1%          1
b - Static Discharge      Conj/Air       96%        2-6/arc   1%          2
c - Airstrike             Air            27%        2d(4-20)  1%          4
d - Conjure Ball Lightni  Conj/Air       24%        3x3d7     12%         6
S - Swiftness             Air            54%        N/A       1%          3

Your spell library contained the following spells:

 Spells                   Type           Power      Damage    Failure   Level
 Magic Dart               Conj           100%       1d8       1%          1
 Searing Ray              Conj           80%        2d7       1%          2
 Hailstorm                Conj/Ice       22%        3d7       4%          3
 Freeze                   Ice            16%        1d4       9%          1
 Summon Small Mammal      Summ           16%        N/A       9%          1
 Fulminant Prism          Conj/Hex       11%        3d8       13%         4
 Call Canine Familiar     Summ           4%         N/A       26%         3
 Frozen Ramparts          Ice            8%         1d2       26%         3
 Summon Guardian Golem    Hex/Summ       4%         N/A       26%         3
 Summon Forest            Summ/Tloc      2%         N/A       91%         5
 Summon Mana Viper        Hex/Summ       4%         N/A       91%         5
 Orb of Destruction       Conj           20%        9d8       80%         7
 Summon Cactus Giant      Summ           2%         N/A       100%        6
 Monstrous Menagerie      Summ           2%         N/A       100%        7
 Spellforged Servitor     Conj/Summ      11%        N/A       100%        7
 Discord                  Hex            2%         N/A       100%        8
 Disjunction              Tloc           2%         N/A       100%        8
 Summon Horrible Things   Summ           2%         N/A       100%        8


Dungeon Overview and Level Annotations

Branches:
Dungeon (12/15)            Temple (1/1) D:5            Lair (0/5) D:10
    Orc (0/2) D:10        Gauntlet (1/1)

Altars:
Ashenzari
Cheibriados
Dithmenos
Elyvilon
Fedhas
Gozag
Hepliaklqana
Kikubaaqudgha
Makhleb
Nemelex Xobeh
Okawaru
Qazlal
Ru
Sif Muna
Trog
Uskayaw
Vehumet
Wu Jian
Xom
Yredelemnul
Zin
The Shining One

Shops:
D:7 [=**:   D:9 :   D:10 :

Annotations:
Gauntlet 11 transporters, 1 runed translucent door


Innate Abilities, Weirdness & Mutations

You have a beak for a mouth.
You have claws for feet.
Your magical nature lets you fly swiftly and evasively.


Message History

The ufetubus enters a dispersal trap!
The ufetubus blinks! x5
You blink.
The ufetubus blinks!
You block the ufetubus's attack. The ufetubus barely misses you.
The ufetubus hits you.
* * * LOW HITPOINT WARNING * * *
You block the ufetubus's attack.
There is an open translucent gate here.
Unknown command.
The ufetubus attacks as you move away! The ufetubus misses you.
You block the ufetubus's attack. The ufetubus hits you.
* * * LOW HITPOINT WARNING * * *
You block the ufetubus's attack. The ufetubus barely misses you. x2
There is an open translucent gate here.
The ufetubus attacks as you move away! The ufetubus misses you. x2
You block the ufetubus's attack. The ufetubus hits you.
* * * LOW HITPOINT WARNING * * *
You see here a lightning rod (4/4) {!a}.
You are confused.
You feel invigorated.
The ynoxinul gestures.
The ufetubus hits you.
* * * LOW HITPOINT WARNING * * *
The ufetubus completely misses you.
You barely miss the ufetubus. Your kick misses the ufetubus.
The ufetubus hits you.
* * * LOW HITPOINT WARNING * * *
The ufetubus misses you.
The ufetubus enters a dispersal trap!
The ufetubus blinks! x2; The ynoxinul blinks!
The iron imp blinks!
The ufetubus blinks! x2
You blink.
The ufetubus blinks!
The ufetubus misses you. The ufetubus hits you.
* * * LOW HITPOINT WARNING * * *
The ufetubus misses you. x2; The iron imp enters a dispersal trap!
The ufetubus blinks!
The ynoxinul blinks!
The ufetubus blinks! x4
You blink.
You bump into the translucent stone wall.
The ynoxinul gestures.
The ufetubus hits you. The ufetubus misses you.
The ufetubus closely misses you. The ufetubus completely misses you.
You hit the ufetubus but do no damage. Your kick misses the ufetubus.
You hit the ufetubus but do no damage. The ufetubus closely misses you.
The ufetubus completely misses you. x2; The ufetubus barely misses you.
The ufetubus hits you. The ufetubus closely misses you.
The ufetubus misses you. x2
You hit the ynoxinul but do no damage. You closely miss the ufetubus.
You feel less invigorated.
You feel less confused.
You block the ufetubus's attack. x2; The ufetubus misses you.
You block the ufetubus's attack. The ynoxinul hits you.
You hit the ynoxinul but do no damage. You claw the ynoxinul.
You peck the ynoxinul, but do no damage.
You closely miss the ufetubus. The ufetubus closely misses you.
You block the ufetubus's attack. The ynoxinul barely misses you.
The ufetubus closely misses you. The ufetubus misses you.
You hit the ynoxinul but do no damage. Your kick misses the ynoxinul.
You closely miss the ufetubus. The ufetubus completely misses you.
You block the ufetubus's attack.
The ynoxinul gestures.
You block the ufetubus's attack. The ufetubus hits you.
You hit the ynoxinul but do no damage.
You claw the ynoxinul, but do no damage.
You peck the ynoxinul, but do no damage.
You closely miss the ufetubus. You block the ufetubus's attack.
The ufetubus closely misses you. You block the ynoxinul's attack.
The ufetubus barely misses you. The ufetubus completely misses you.
You hit the ynoxinul but do no damage.
You claw the ynoxinul, but do no damage.
You barely miss the ufetubus. The ynoxinul gestures at you.
The iron shot reflects off an invisible shield around you!
The iron shot hits the ynoxinul!!
You kill the ynoxinul!
Sif Muna accepts your kill.
The ufetubus disappears in a puff of smoke! x5
You hit the iron imp but do no damage. You claw the iron imp.
You peck the iron imp, but do no damage.
Your +3 war axe of the Forgotten Emperors {spect, rN+} hits the iron imp but does no damage.
You block the iron imp's attack.
You completely miss the iron imp.
Your +3 war axe of the Forgotten Emperors {spect, rN+} hits the iron imp but does no damage.
The iron imp hits your +3 war axe of the Forgotten Emperors {spect, rN+}.
You hit the iron imp but do no damage.
Your +3 war axe of the Forgotten Emperors {spect, rN+} hits the iron imp.
You are no longer corroded.
The iron imp hits you but does no damage.
You hit the iron imp but do no damage. You claw the iron imp.
You kill the iron imp!
Sif Muna accepts your kill. You block the iron imp's attack.
You closely miss the iron imp. Your peck misses the iron imp.
The iron imp completely misses you.
You hit the iron imp. Your kick misses the iron imp. You peck the iron imp.
The iron imp hits you.
You slash the iron imp!
You kill the iron imp!
Sif Muna accepts your kill.
There is an open translucent gate here.
You see here a lightning rod (4/4) {!a}.
v - a lightning rod (4/4) {!a} You now have 344 gold pieces (gained 23).
There is an open translucent gate here.
There is a transporter here.
You enter the transporter and appear at another place.
There is a transporter here.
You enter the transporter and appear at another place.
The sixfirhy closely misses you.
The sixfirhy hits you but does no damage.
You closely miss the sixfirhy.
Your +3 war axe of the Forgotten Emperors {spect, rN+} completely misses the sixfirhy.
You hit the sixfirhy but do no damage. You claw the sixfirhy.
Your +3 war axe of the Forgotten Emperors {spect, rN+} misses the sixfirhy.
The sixfirhy completely misses you. You block the ufetubus's attack.
The ufetubus completely misses you.
You barely miss the sixfirhy. Your kick misses the sixfirhy.
Your peck misses the sixfirhy. You miss the ufetubus.
Your +3 war axe of the Forgotten Emperors {spect, rN+} hits the ufetubus.
The sixfirhy hits you. The sixfirhy shocks you! The sixfirhy barely misses you.
The sixfirhy closely misses you. You block the sixfirhy's attack.
The ufetubus closely misses you. You block the ufetubus's attack.
The sixfirhy hits you. The sixfirhy shocks you!
The ufetubus completely misses your +3 war axe of the Forgotten Emperors {spect, rN+}.
The ufetubus closely misses your +3 war axe of the Forgotten Emperors {spect, rN+}.
You closely miss the sixfirhy.
You claw the sixfirhy, but do no damage.
Your peck misses the sixfirhy. You slash the ufetubus!
You kill the ufetubus!
Sif Muna accepts your kill.
Your +3 war axe of the Forgotten Emperors {spect, rN+} barely misses the sixfirhy.
The sixfirhy hits you.
* * * LOW HITPOINT WARNING * * *
The sixfirhy shocks you!
* * * LOW HITPOINT WARNING * * *
You block the sixfirhy's attack.
The ufetubus hits you but does no damage.
You block the ufetubus's attack.
Okay, then.
You block the ufetubus's attack. The ufetubus completely misses you.
The ufetubus attacks as you move away! You block the ufetubus's attack.
The ufetubus barely misses you.
It was a potion of attraction.
You feel attractive to monsters.
The smoke demon roars!
You hear a shout!
The sixfirhy hits you.
* * * LOW HITPOINT WARNING * * *
The sixfirhy shocks you!
* * * LOW HITPOINT WARNING * * *
The sixfirhy hits you.
* * * LOW HITPOINT WARNING * * *
The sixfirhy shocks you!
You die...

### ### ### ### ################
##≈###≈###≈###≈###...............
#≈≈≈#≈≈≈#≈≈≈#≈≈≈#...8⌠8..8∩8..8⌠8
.................................
#################################
......#8©8#...##..#8©8#©#...+5#8©
......#...###...#.#...#.#.###.#..
###'###...#..#.3#.#...#...#...#..
...'.§#©.©#.5#5#@©#©.©#####.###©.
##^'#######.#..#?.#####.....#©###
##.#..#...#.#...###...#3#####.#..
...#..#.8.#..##...#.8.#....?=.#.8
#######...#########...#########..
.................................
#≈≈≈#≈≈≈#≈≈≈#≈≈≈#≈≈≈#≈≈≈#≈≈≈#≈≈≈#
##≈###≈###≈###≈###≈###≈###≈###≈##
### ### ### ### ### ### ### ###


You could see a sixfirhy, a smoke demon and 2 ufetubi.

Vanquished Creatures
  Sonja (D:11)
  2 cyclopes
  A rust devil (Gauntlet)
  A gargoyle (D:7)
  A kobold demonologist (D:7)
  7 trolls
  A polar bear (D:12)
  2 hornets (D:9)
  Grinder (D:4)
  A slime creature (D:7)
  A shadow (D:9)
  A ynoxinul (Gauntlet)
  18 yaks
  A wyvern (D:7)
  3 wraiths
  3 steam dragons
  7 wargs
  4 acid dragons
  A water moccasin (D:7)
  5 orc warriors
  4 ice beasts
  3 ogres
  4 centaurs
  2 kobold brigands (D:9)
  A phantom (D:5)
  4 bullfrogs
  3 gnoll sergeants
  3 scorpions
  9 wights
  10 killer bees
  3 howler monkeys
  An electric eel (D:11)
  The ghost of nubinia the Grasshopper, a weakling SpWr (D:3)
  A jelly (D:6)
  5 orc priests
  4 hounds
  An iguana (D:7)
  4 iron imps
  2 sleepcaps
  16 orc wizards
  A boggart simulacrum (D:12)
  9 adders
  11 gnolls
  4 white imps
  3 ufetubi
  2 worms
  The ghost of fly the Sneak, a weakling DgDe (D:4)
  A dart slug (D:1)
  29 orcs
  5 ball pythons
  6 endoplasms
  2 giant cockroaches
  A goblin (D:1)
  4 hobgoblins
  3 jackals (D:3)
  2 quokkas
  4 bats
  2 frilled lizards (D:1)
  10 kobolds
  2 rats
245 creatures vanquished.

Vanquished Creatures (others)
  An iron imp (Gauntlet)
  A plant (D:10)
  5 toadstools (D:1)
  4 withered plants (Gauntlet)
11 creatures vanquished.

Grand Total: 256 creatures vanquished

Notes
Turn   | Place    | Note
-------+----------+-------------------------------------------
     0 | D:1      | CryoSword the Tengu Air Elementalist began the quest for
                  | the Orb.
     0 | D:1      | Reached XP level 1. HP: 10/10 MP: 4/4
   402 | D:1      | Reached XP level 2. HP: 14/15 MP: 0/6
   493 | D:1      | Learned a level 2 spell: Static Discharge
  1084 | D:2      | Identified the +4 dagger of the Vulture {heavy, rC+}
  1167 | D:2      | Reached XP level 3. HP: 10/19 MP: 0/7
  1855 | D:3      | Reached skill level 5 in Air Magic
  1967 | D:3      | Reached XP level 4. HP: 24/24 MP: 6/8
  2157 | D:3      | Found a runed translucent door.
  2158 | D:3      | Noticed nubinia's ghost (weakling SpWr)
  2239 | D:3      | Killed nubinia's ghost
  2330 | D:3      | Gained mutation: Your magical nature lets you fly swiftly
                  | and evasively. [Tengu growth]
  2330 | D:3      | Reached XP level 5. HP: 28/28 MP: 5/9
  2547 | D:3      | Found a faded altar of an unknown god.
  2569 | D:3      | Found a sparkling altar of Nemelex Xobeh.
  3225 | D:4      | Noticed Grinder
  3241 | D:4      | Noticed an ogre
  3279 | D:3      | Killed an ogre
  3280 | D:3      | Reached skill level 6 in Air Magic
  3417 | D:4      | Reached skill level 5 in Conjurations
  3417 | D:4      | Reached XP level 6. HP: 32/32 MP: 8/11
  3612 | D:4      | Paralysed by Grinder for 4 turns
  3619 | D:4      | Killed Grinder
  3620 | D:4      | Reached skill level 7 in Air Magic
  3620 | D:4      | Reached XP level 7. HP: 23/36 MP: 1/13
  3750 | D:4      | Reached skill level 8 in Air Magic
  3805 | D:4      | Found a large runed translucent door.
  3807 | D:4      | Found a large runed translucent door.
  3811 | D:4      | Noticed fly's ghost (weakling DgDe)
  3859 | D:4      | Learned a level 4 spell: Airstrike
  3863 | D:4      | Learned a level 3 spell: Swiftness
  4257 | D:4      | Killed fly's ghost
  4353 | D:5      | Entered Level 5 of the Dungeon
  4687 | D:5      | Reached skill level 1 in Fighting
  4746 | D:5      | Reached XP level 8. HP: 43/43 MP: 11/15
  4783 | D:5      | Reached skill level 1 in Shields
  4968 | D:5      | Found a staircase to the Ecumenical Temple.
  4984 | Temple   | Entered the Ecumenical Temple
  5278 | D:5      | Reached skill level 9 in Air Magic
  5957 | D:6      | Reached skill level 1 in Long Blades
  6563 | D:6      | Found a burning altar of Makhleb.
  6564 | D:6      | Found a white marble altar of Elyvilon.
  6565 | D:6      | Found a broken altar of Ashenzari.
  6565 | D:6      | Found a shimmering altar of Xom.
  6821 | D:6      | Reached XP level 9. HP: 48/48 MP: 7/16
  7282 | D:7      | Found Vygaxuc's Jewellery Shop.
  7937 | D:7      | Reached skill level 10 in Air Magic
  8057 | D:7      | Learned a level 6 spell: Conjure Ball Lightning
  8677 | D:7      | Noticed a kobold demonologist
  8679 | D:7      | Noticed a gargoyle
  8679 | D:7      | Noticed a troll
  8700 | D:7      | Killed a troll
  8852 | D:7      | Found Hahiran's Antique Armour Shoppe.
  8855 | D:7      | Bought a spiked ring mail for 144 gold pieces
  8855 | D:7      | Identified the +1 ring mail of the Game of Kings {rF+} (You
                  | bought it in a shop on level 7 of the Dungeon)
  8855 | D:7      | Bought a runed scarf for 128 gold pieces
  8855 | D:7      | Bought a pair of glowing gloves for 120 gold pieces
  8915 | D:7      | Found Moluhus's General Store.
  9026 | D:7      | Found Ashret's Assorted Antiques.
  9060 | D:7      | Bought a scroll labelled OTUIR NIHUQEG for 24 gold pieces
  9060 | D:7      | Bought a scroll labelled COEPO EGENALUU for 24 gold pieces
  9334 | D:7      | Found Zajeur's Book Boutique.
  9421 | D:7      | Reached XP level 10. HP: 56/56 MP: 9/17
  9650 | D:7      | Killed a gargoyle
  9651 | D:7      | Reached skill level 5 in Shields
  9651 | D:7      | Reached skill level 11 in Air Magic
  9779 | D:7      | Identified the +3 war axe of the Forgotten Emperors {spect,
                  | rN+}
  9783 | D:7      | Killed a kobold demonologist
  9784 | D:7      | Reached skill level 5 in Dodging
 10105 | D:7      | Got Mara's Thoughts on Command
 10452 | D:7      | Found Vygaxuc's Jewellery Shop.
 10482 | D:7      | Found Moluhus's General Store.
 10503 | D:7      | Found Hahiran's Antique Armour Shoppe.
 10762 | D:7      | Found Ashret's Assorted Antiques.
 10828 | D:7      | Found Zajeur's Book Boutique.
 11718 | D:8      | Found a glowing golden altar of the Shining One.
 11778 | D:8      | Reached skill level 5 in Stealth
 11804 | D:8      | Reached skill level 1 in Axes
 12256 | D:9      | Found Xioschop's Self-Improvement Boutique.
 12351 | D:9      | Found a snail-covered altar of Cheibriados.
 13269 | D:9      | Paralysed by a hornet for 2 turns
 13272 | D:9      | Paralysed by a hornet for 2 turns
 13278 | D:9      | Reached skill level 5 in Spellcasting
 13625 | D:9      | Found a shimmering blue altar of Sif Muna.
 13645 | D:9      | Became a worshipper of Sif Muna the Loreminder
 13811 | D:9      | Reached XP level 11. HP: 62/62 MP: 6/19
 13826 | D:9      | Reached skill level 12 in Air Magic
 13981 | D:10     | Entered Level 10 of the Dungeon
 14627 | D:10     | Reached * piety under Sif Muna
 15011 | D:10     | Found a staircase to the Lair.
 15054 | D:10     | Identified the +6 chain mail "Qayrgh" {Rampage rF+ SInv}
 15057 | D:10     | Found a staircase to the Orcish Mines.
 15077 | D:10     | Reached skill level 5 in Fighting
 15307 | D:10     | Found a shadowy altar of Dithmenos.
 15349 | D:10     | Reached skill level 5 in Axes
 15799 | D:10     | Found Luphuqum's Tremendous Tomes.
 15864 | D:11     | Noticed Sonja
 16165 | D:11     | Killed Sonja
 16166 | D:11     | Reached skill level 13 in Air Magic
 16757 | D:11     | Noticed a cyclops
 16764 | D:11     | Killed a cyclops
 17250 | D:12     | Reached skill level 1 in Invocations
 17327 | D:12     | Found a gate leading to a gauntlet.
 17328 | D:12     | Noticed a cyclops
 17332 | D:12     | Killed a cyclops
 17333 | D:12     | Reached XP level 12. HP: 68/68 MP: 1/20
 17375 | Gauntlet | Entered a Gauntlet
 17375 | Gauntlet | Found a transporter.
 17450 | Gauntlet | Found a runed translucent gate.
 17450 | Gauntlet | Found a runed translucent gate.
 17450 | Gauntlet | Found a runed translucent gate.
 17452 | Gauntlet | Found a transporter.
 17455 | Gauntlet | Found a transporter.
 17456 | Gauntlet | Found a transporter.
 17464 | Gauntlet | Found a transporter.
 17467 | Gauntlet | Found a transporter.
 17468 | Gauntlet | Found a transporter.
 17476 | Gauntlet | Found a runed translucent door.
 17480 | Gauntlet | Found a transporter.
 17481 | Gauntlet | Found a transporter.
 17485 | Gauntlet | Noticed a green death
 17489 | Gauntlet | Found a transporter.
 17489 | Gauntlet | Found a transporter.
 17492 | Gauntlet | Found a transporter.
 17493 | Gauntlet | Found a transporter.
 17498 | Gauntlet | Noticed a death scarab
 17500 | Gauntlet | Noticed a death scarab
 17501 | Gauntlet | Found a transporter.
 17694 | Gauntlet | Slain by a sixfirhy

Illustrated notes

Levels and vault maps discovered:
D:1:      ldierk_walled_garden, layout_loops_corners,
          nicolae_figureground_sparkle
D:2:      layout_loops_cross
D:3:      layout_basic, nicolae_overflow_ecumenical_swirl,
          ebering_ghost_sewer_d, uniq_crazy_yiuf_cottage
D:4:      layout_loops_ring, ebering_ghost_disaster_area, uniq_grinder
D:5:      layout_basic, minmay_temple_entry_offerings, minmay_crossroads
D:6:      layout_layer_cave, mainiacjoe_overflow_alcove_3,
          nicolae_concentric_dashed_squares_wild, amcnicky_mini_pool_small
D:7:      layout_gridville, serial_shops, nicolae_shop_statue_plus,
          kennysheep_mini_moat, shop, nicolae_shop_hallway_stairs, shop_statue,
          minmay_the_grid_2x2 [minmay_the_grid_fan,
          minmay_the_grid_outer_diamond, minmay_the_grid_holed_spiral,
          minmay_the_grid_prize_trominoes]
D:8:      layout_rooms, nicolae_tso_carved_into_rock
D:9:      layout_stronghold, slow_altar_1, kennysheep_orc_sif_temple,
          nicolae_shop_self_help
D:10:     layout_long_grid, grunt_dithmenos_smoke, erik_lair_orcish_takeover,
          minmay_orc_entry_guard_dogs, nicolae_shop_i_like_big_books,
          minmay_fountain_box, grunt_ministairs_14, minivault_25
D:11:     layout_basic, uniq_sonja
D:12:     layout_roguey, gauntlet_entry_generic, serial_ice, serial_ice_f,
          serial_ice_e, serial_ice_h, serial_ice_c, serial_ice_b, serial_ice_d,
          serial_ice_o, serial_ice_m
Temple:   nicolae_temple_figure_eight
Gauntlet: gammafunk_gauntlet_77_escape_option
          [minmay_gauntlet_arena_77_run_for_it,
          minmay_gauntlet_arena_77_squiggly, minmay_gauntlet_arena_77_path,
          minmay_gauntlet_arena_77_tiled_triplets,
          minmay_gauntlet_arena_77_museum, gauntlet_exit_hidden_loot]

Skill      XL: |  1  2  3  4  5  6  7  8  9 10 11 12 |
---------------+-------------------------------------+-----
Conjurations   | 2 3 4 5 6 7 8 9 |  9.4
Air Magic      | 5 6 7 8 9 10 11 13 | 13.4
Spellcasting   | 3 4 5 |  5.0
Fighting       | 1 2 3 4 5 |  5.6
Shields        | 3 4 6 7 8 |  8.0
Dodging        | 3 4 5 6 |  6.0
Stealth        | 3 4 5 6 |  6.0
Long Blades    | 1 3 |  3.5
Axes           | 3 5 6 |  6.2
Invocations    | 1 |  1.9

Action                     |  1- 3 |  4- 6 |  7- 9 | 10-12 || total
---------------------------+-------+-------+-------+-------++-------
  Melee: Kick              |     3 |     1 |    11 |    79 ||    94
         Unarmed           |     2 |       |       |       ||     2
         Dagger            |     6 |     1 |       |       ||     7
         Long sword        |       |       |    14 |       ||    14
         Peck              |       |       |     4 |    45 ||    49
         Scimitar          |       |       |    12 |       ||    12
         Staff             |       |       |     1 |       ||     1
         War axe           |       |       |       |   180 ||   180
   Cast: Shock             |    54 |    75 |   187 |    89 ||   405
         Static Discharge  |     1 |       |    35 |    49 ||    85
         Airstrike         |       |       |    14 |   105 ||   119
  Evoke: Wand              |       |       |       |     1 ||     1
    Use: Scroll            |     4 |     1 |     4 |    10 ||    19
         Potion            |       |       |       |     4 ||     4
   Stab: Sleeping          |       |       |       |     2 ||     2
         Distracted        |       |       |       |     4 ||     4
 Armour: Robe              |     2 |     4 |     8 |       ||    14
         Acid dragon scale |       |       |       |    25 ||    25
         Troll leather arm |       |       |       |     5 ||     5
  Dodge: Dodged            |    10 |     9 |    41 |   171 ||   231
  Block: Other             |       |     5 |     6 |       ||    11
         Reflection        |       |       |     3 |    12 ||    15
         Kite shield       |       |       |    31 |     4 ||    35
         Buckler           |       |       |       |   191 ||   191

Table legend: (Time is in decaauts)
 A = Elapsed time spent in this place.
 B = Non-inter-level travel time spent in this place.
 C = Inter-level travel time spent in this place.
 D = Time resting spent in this place.
 E = Time spent auto-exploring this place.
 F = Levels seen in this place.
 G = Mean time per level.
                   A        B        C        D        E       F      G
               +--------+--------+--------+--------+--------+-----+--------+
         Total |  16918 |  15991 |    927 |    148 |  13446 |  14 | 1208.4 |
       Dungeon |  16406 |  15489 |    917 |    148 |  13091 |  12 | 1367.2 |
        Temple |    199 |    190 |      9 |      0 |    171 |   1 |  199.0 |
      Gauntlet |    312 |    312 |      0 |      0 |    183 |   1 |  312.0 |
               +--------+--------+--------+--------+--------+-----+--------+

Top non-repeatable levels by time:
     D:7: 2847 daAuts
     D:9: 2277 daAuts
     D:6: 1958 daAuts
     D:3: 1446 daAuts
     D:8: 1277 daAuts
    D:10: 1203 daAuts
    D:11: 1202 daAuts
     D:4: 1126 daAuts
     D:5: 1035 daAuts
     D:1: 987 daAuts
     D:2: 857 daAuts
Gauntlet: 312 daAuts
  Temple: 199 daAuts
    D:12: 187 daAuts
